 Dungeon Crawl Stone Soup version 0.28-a0-1518-gbe868bca14 (webtiles) character file.

Game seed: 4394933802396659083

13983 buddhastalin the Severer (level 11, -11/99 HPs)
             Began as a Red Draconian Berserker on Jan 16, 2022.
             Was a High Priest of Trog.
             Mangled by an entropy weaver simulacrum (25 damage)
             ... in an ice cave.
             The game lasted 00:24:27 (10260 turns).

buddhastalin the Severer (Red Draconian Berserker) Turns: 10260, Time: 00:24:27

Health: -11/99     AC: 17    Str: 24    XL:     11   Next: 82%
Magic:  0/20       EV: 15    Int: 20    God:    Trog [*****.]
Gold:   550        SH:  0    Dex: 11    Spells: 10/10 levels left

rFire   + . .      SeeInvis +   a - +5 war axe of the Furious {flame, MP+9 Int+3}
rCold   . . .      Faith    .   (no shield)
rNeg    + . .      Spirit   +   (armour unavailable)
rPois   +          Reflect  .   t - +2 hat {SInv}
rElec   +          Harm     .   h - +5 cloak "Datov" {rElec rN+ Str+4}
rCorr   .          Rampage  .   B - +0 pair of gloves
Will    .....                   l - +0 pair of boots
Stlth   +.........              F - amulet of guardian spirit
HPRegen 0.26/turn               y - +6 ring of intelligence
MPRegen 0.17/turn               k - ring of poison resistance

@: short of breath, slowed, very slow
A: breathe fire, AC +7, unfitting armour, fire resistance 1, cold-blooded
a: Breathe Fire, Renounce Religion, Berserk, Trog's Hand, Brothers in Arms


You were in an ice cave.
You worshipped Trog.
Trog was extremely pleased with you.
You visited 2 branches of the dungeon, and saw 11 of its levels.
You also visited: Ice Cave.

You collected 580 gold pieces.
You spent 30 gold pieces at shops.

Inventory:

Hand Weapons
 a - the +5 war axe of the Furious (weapon) {flame, MP+9 Int+3}
   (You found it on level 8 of the Dungeon)

   It burns those it strikes, dealing additional fire damage.
   Big, fiery blades are also staple armaments of hydra-hunters.
   Int:       It affects your intelligence (+3).
   MP:        It affects your magic capacity (+9).
 b - a +5 battleaxe of freezing
Missiles
 p - 18 poisoned darts (quivered)
Armour
 h - the +5 cloak "Datov" (worn) {rElec rN+ Str+4}
   (You acquired it on level 9 of the Dungeon)

   Str:       It affects your strength (+4).
   rElec:     It insulates you from electricity.
   rN:        It protects you from negative energy.
 l - a +0 pair of boots (worn)
 t - a +2 hat of see invisible (worn)
 B - a +0 pair of gloves (worn)
Jewellery
 k - a ring of poison resistance (right hand)
 y - a +6 ring of intelligence (left hand)
 F - an amulet of guardian spirit (around neck)
Wands
 r - a wand of mindburst (4)
 s - a wand of paralysis (28)
 C - a wand of flame (13)
Scrolls
 e - a scroll of summoning
 f - 2 scrolls of blinking
 i - a scroll of identify
 n - a scroll of enchant weapon
 q - 2 scrolls of immolation
 x - a scroll of teleportation
 G - a scroll of holy word
Potions
 c - a potion of magic
 d - 5 potions of curing
 j - a potion of haste
 m - 2 potions of heal wounds
 o - 2 potions of resistance
 v - 4 potions of mutation
 A - a potion of attraction
 D - a potion of flight {unknown}
 H - 2 potions of might {unknown}


   Skills:
 + Level 9.9 Fighting
 * Level 15.6 Axes
 + Level 8.3 Dodging


You had 10 spell levels left.
You didn't know any spells.
Your spell library was empty.

Dungeon Overview and Level Annotations

Branches:
Dungeon (9/15)             Temple (0/1) D:4            Lair (2/6) D:9
  IceCv (1/1)
  Swamp: Lair:2-4    Shoals: Lair:2-4     Snake: Lair:2-4    Spider: Lair:2-4
    Orc: D:9-12

Altars:
Elyvilon
Hepliaklqana
Okawaru
Sif Muna
Xom
Zin

Shops:
D:8 !   D:9 *[


Innate Abilities, Weirdness & Mutations

You can breathe blasts of fire.
Your fiery red scales are hard. (AC +7)
You cannot fit into any form of body armour.
Your flesh is heat resistant. (rF+)
You are cold-blooded and may be slowed by cold attacks.


Message History

You breathe a blast of fire.
The fiery breath hits the entropy weaver simulacrum.
The entropy weaver simulacrum melts!
The entropy weaver simulacrum is lightly damaged.
You closely miss the entropy weaver simulacrum.
The entropy weaver simulacrum is lightly damaged.
The entropy weaver simulacrum hits you but does no damage. x4
You slash the entropy weaver simulacrum!
You melt the entropy weaver simulacrum!
You tail-slap the entropy weaver simulacrum, but do no damage.
You punch the entropy weaver simulacrum, but do no damage.
The entropy weaver simulacrum is severely damaged.
The entropy weaver simulacrum hits you but does no damage.
The entropy weaver simulacrum closely misses you.
The entropy weaver simulacrum hits you.
The entropy weaver simulacrum freezes you!
You feel yourself slow down.
The entropy weaver simulacrum hits you but does no damage.
You slash the entropy weaver simulacrum!
You melt the entropy weaver simulacrum.
The entropy weaver simulacrum is almost destroyed.
The entropy weaver simulacrum hits you but does no damage.
The entropy weaver simulacrum hits you.
The entropy weaver simulacrum freezes you!!
The entropy weaver simulacrum hits you but does no damage.
The entropy weaver simulacrum hits you.
The entropy weaver simulacrum freezes you!!
* * * LOW HITPOINT WARNING * * *
You feel much better.
You feel yourself speed up.
The entropy weaver simulacrum closely misses you.
The entropy weaver simulacrum hits you.
The entropy weaver simulacrum freezes you!!
You feel yourself slow down.
* * * LOW HITPOINT WARNING * * *
The entropy weaver simulacrum hits you but does no damage.
The entropy weaver simulacrum hits you.
* * * LOW HITPOINT WARNING * * *
The entropy weaver simulacrum freezes you!!
You die...

#...#
#.... ..°.
... ##..#
##...#
#.Z.#
##.@#
#..## #..#
##.## #..#
### #..#
##.####.##
#...##..#
#∩∩.....#


You could see an entropy weaver simulacrum.

Vanquished Creatures
  Gastronok (Lair:2)
  A hydra (Lair:1)
  A two-headed ogre (D:8)
  2 cane toads
  A komodo dragon (Lair:2)
  2 entropy weaver simulacra (IceCv)
  A polar bear (Lair:1)
  A troll (D:8)
  5 blink frogs (Lair:2)
  9 yaks
  An acid dragon (D:9)
  A water moccasin (Lair:1)
  An orc warrior (D:9)
  A hornet zombie (D:9)
  A necrophage (D:8)
  4 black bears
  An ogre (D:6)
  10 wolves
  3 centaurs
  2 phantoms (D:5)
  5 bullfrogs
  4 scorpions
  2 wyvern zombies
  A water moccasin skeleton (D:6)
  8 wights
  2 centaur zombies
  2 centaur skeletons (D:6)
  2 hounds
  An orc priest (D:9)
  A bullfrog skeleton (D:5)
  2 iguanas
  7 orc wizards
  A howler monkey skeleton (D:7)
  A howler monkey zombie (D:9)
  A gnoll (D:4)
  6 adders
  A white imp (D:5)
  2 ufetubi
  4 dart slugs
  24 orcs
  8 ball pythons
  2 endoplasms
  2 giant cockroaches
  9 goblins
  6 hobgoblins
  7 jackals
  4 quokkas
  5 bats
  3 frilled lizards
  12 kobolds
  8 rats
192 creatures vanquished.

Vanquished Creatures (others)
  18 fungi
  18 plants
36 creatures vanquished.

Grand Total: 228 creatures vanquished

Notes
Turn   | Place    | Note
-------+----------+-------------------------------------------
     0 | D:1      | buddhastalin the Draconian Berserker began the quest for
                  | the Orb.
     0 | D:1      | Reached XP level 1. HP: 19/19 MP: 1/1
   322 | D:1      | Reached XP level 2. HP: 19/26 MP: 2/2
   782 | D:2      | Reached XP level 3. HP: 32/33 MP: 3/3
  1251 | D:2      | Reached skill level 4 in Axes
  1468 | D:2      | Reached XP level 4. HP: 38/40 MP: 4/4
  1539 | D:2      | Reached ** piety under Trog
  1686 | D:3      | Found an iron altar of Okawaru.
  1864 | D:3      | Found a faded altar of an unknown god.
  2413 | D:4      | Reached XP level 5. HP: 41/46 MP: 5/5
  2460 | D:4      | Noticed a centaur
  2471 | D:4      | Killed a centaur
  2472 | D:4      | Reached skill level 5 in Axes
  2663 | D:4      | Found a staircase to the Ecumenical Temple.
  2702 | D:4      | Reached XP level 6. HP: 43/53 MP: 6/6
  2915 | D:4      | You fall into a shaft and drop 1 floor!
  2915 | D:5      | Entered Level 5 of the Dungeon
  3007 | D:4      | Reached *** piety under Trog
  3803 | D:5      | Reached skill level 5 in Fighting
  3803 | D:5      | Reached skill level 6 in Axes
  3810 | D:5      | Your scales start taking on a fiery red colour.
  3810 | D:5      | Reached XP level 7. HP: 34/61 MP: 7/7
  3810 | D:5      | Gained mutation: Your flesh is heat resistant. (rF+) [Red
                  | Draconian growth]
  3990 | D:5      | Found a shimmering altar of Xom.
  4252 | D:5      | Identified the +7 dagger of the Poles {vorpal, rN+}
  4401 | D:5      | Found a white marble altar of Elyvilon.
  5022 | D:6      | Reached skill level 7 in Axes
  5048 | D:6      | Reached skill level 5 in Dodging
  5048 | D:6      | Reached XP level 8. HP: 27/68 MP: 8/8
  5920 | D:7      | Reached skill level 8 in Axes
  6379 | D:7      | Reached **** piety under Trog
  6652 | D:7      | Found a shimmering blue altar of Sif Muna.
  6814 | D:8      | Noticed a troll
  6819 | D:8      | Killed a troll
  7038 | D:8      | Found Coxzial's Distillery.
  7047 | D:8      | Reached skill level 9 in Axes
  7047 | D:8      | Reached XP level 9. HP: 78/79 MP: 7/9
  7066 | D:8      | Bought 2 potions of degeneration for 30 gold pieces
  7223 | D:8      | Noticed a two-headed ogre
  7232 | D:8      | Killed a two-headed ogre
  7569 | D:8      | Identified the +5 war axe of the Furious {flame, MP+9
                  | Int+3}
  7822 | D:9      | Reached skill level 10 in Axes
  8011 | D:9      | Found Cinna's Antique Armour Boutique.
  8393 | D:9      | Found Zin's Purification Station.
  8393 | D:9      | Found a glowing silver altar of Zin.
  8443 | D:9      | Reached XP level 10. HP: 90/90 MP: 10/10
  8468 | D:9      | Found a staircase to the Lair.
  8487 | D:9      | Reached skill level 14 in Axes
  8487 | D:9      | Reached XP level 11. HP: 88/95 MP: 11/11
  8564 | D:9      | Found a hazy altar of Hepliaklqana.
  8703 | D:9      | Identified a scroll of acquirement
  8703 | D:9      | Acquired the +5 cloak "Datov" {rElec rN+ Str+4}
  8734 | Lair:1   | Entered Level 1 of the Lair of Beasts
  8750 | Lair:1   | Noticed an eight-headed hydra
  8755 | Lair:1   | Killed a three-headed hydra
  9075 | Lair:1   | Reached ***** piety under Trog
  9264 | Lair:1   | Reached skill level 15 in Axes
  9679 | Lair:2   | Noticed Gastronok
  9720 | Lair:2   | Killed Gastronok
  9977 | Lair:2   | Found a frozen archway.
 10026 | IceCv    | Entered an ice cave
 10260 | IceCv    | Mangled by an entropy weaver simulacrum

Illustrated notes

Levels and vault maps discovered:
D:1:      dpeg_arrival_arbitrary_b, layout_loops_ring
D:2:      layout_loops_ring, serial_bayou_pond_e
D:3:      layout_rooms, mainiacjoe_overflow_tiny_flanked,
          dreamdust_ecumenical_altar_angels_and_demons,
          chequers_hall_statues_corner_a, serial_bayou_ford_a
D:4:      minmay_spotlight, layout_loops_cross,
          minmay_temple_entry_stoned_glass, kennysheep_generic_room_12
D:5:      layout_loops_cross, mainiacjoe_overflow_alcove_4, old_standard_altar
D:6:      layout_basic
D:7:      layout_rooms, marbit_many_paths, chequers_serial_rivers_micro_d,
          serial_bayou_crossing
D:8:      layout_gridville, serial_shops, shop_statue, mrwooster_statue_mirror,
          corexii_hall_statues_deadend, amcnicky_mini_rare_corridor_liquid,
          corexii_corridor_pit
D:9:      layout_basic, nicolae_overflow_hidden_temple, zin_purify,
          grunt_lair_entry_orc_guard_hut, serial_shops,
          nicolae_shop_window_shopping
Lair:1:   layout_roguey, grunt_megastairs_5
Lair:2:   layout_gridlike, swamp_mist, guppyfry_snake_entry_island,
          portal_ice_cave_entry_pillars_1, grunt_megastairs_3, uniq_gastronok
IceCv:    ice_cave_hellmonk_azure_passage

Skill      XL: |  1  2  3  4  5  6  7  8  9 10 11 |
---------------+----------------------------------+-----
Dodging        | 3 4 5 6 7 8 |  8.3
Axes           | 4 5 6 7 9 10 14 15 | 15.6
Fighting       | 4 5 6 7 8 9 |  9.9

Action                   |  1- 3 |  4- 6 |  7- 9 | 10-12 || total
-------------------------+-------+-------+-------+-------++-------
Melee: Hand axe          |   103 |   211 |    87 |       ||   401
       Tailslap          |    12 |    21 |    36 |    23 ||    92
       Punch             |       |     8 |     4 |     4 ||    16
       War axe           |       |       |    92 |   128 ||   220
       Battleaxe         |       |       |    94 |       ||    94
Throw: Dart              |       |     2 |       |       ||     2
Invok: Berserk           |       |     1 |       |       ||     1
 Abil: Breathe Fire      |       |       |     1 |     1 ||     2
  Use: Scroll            |       |       |     9 |    13 ||    22
       Potion            |       |       |     2 |     3 ||     5
 Stab: Distracted        |     1 |       |       |       ||     1
       Sleeping          |       |     1 |       |       ||     1
Armor: Skin              |    37 |    93 |    94 |    62 ||   286
Dodge: Dodged            |    71 |   139 |   187 |    96 ||   493

Table legend: (Time is in decaauts)
 A = Elapsed time spent in this place.
 B = Non-inter-level travel time spent in this place.
 C = Inter-level travel time spent in this place.
 D = Time resting spent in this place.
 E = Time spent auto-exploring this place.
 F = Levels seen in this place.
 G = Mean time per level.
                   A        B        C        D        E       F      G
               +--------+--------+--------+--------+--------+-----+--------+
         Total |  10302 |  10040 |    262 |   3098 |   5149 |  12 |  858.5 |
       Dungeon |   8803 |   8559 |    244 |   2580 |   4543 |   9 |  978.1 |
          Lair |   1266 |   1248 |     18 |    320 |    606 |   2 |  633.0 |
      Ice Cave |    232 |    232 |      0 |    198 |      0 |   1 |  232.0 |
               +--------+--------+--------+--------+--------+-----+--------+

Top non-repeatable levels by time:
     D:4: 1363 daAuts
     D:5: 1129 daAuts
     D:8: 1042 daAuts
     D:6: 1035 daAuts
     D:9: 951 daAuts
     D:7: 946 daAuts
  Lair:1: 909 daAuts
     D:2: 886 daAuts
     D:1: 780 daAuts
     D:3: 668 daAuts
  Lair:2: 356 daAuts
   IceCv: 232 daAuts
